 Dungeon Crawl Stone Soup version 0.21-a0-361-g4efd3f9 (webtiles) character file.

4 Ijustatesigmund the Sneak (level 1, 0/9 HPs)
             Began as a Spriggan Enchanter on Oct 13, 2017.
             Slain by an adder (2 damage)
             ... on level 2 of the Dungeon.
             The game lasted 00:01:28 (143 turns).

Ijustatesigmund the Sneak (Spriggan Enchanter)       Turns: 143, Time: 00:01:28

Health: 0/9        AC:  2    Str:  4    XL:     1   Next: 50%
Magic:  5/5        EV: 18    Int: 16    God:
Gold:   0          SH:  0    Dex: 16    Spells: 5/6 levels left

rFire    . . .     SeeInvis +   a - +1 dagger
rCold    . . .     Gourm    .   (shield restricted)
rNeg     . . .     Faith    .   b - +0 robe
rPois    .         Spirit   .   (helmet restricted)
rElec    .         Reflect  .   (no cloak)
rCorr    .         Harm     .   (gloves unavailable)
MR       .....                  (boots unavailable)
Stlth    +++.......             (no amulet)
HPRegen  0.03/turn              (no ring)
MPRegen  0.09/turn              (no ring)

@: very quick
A: unfitting armour, see invisible, herbivore 3, speed 3, slow metabolism 2
a: no special abilities


You were on level 2 of the Dungeon.
You were not hungry.

You visited 1 branch of the dungeon, and saw 3 of its levels.

Inventory:

Hand Weapons
 a - a +1 dagger (weapon)
 h - a +1 dagger of electrocution
Armour
 b - a +0 robe (worn)
Potions
 e - a potion of flight {unknown}
 f - 2 potions of curing {unknown}
 g - 2 potions of might {unknown}
Books
 c - a book of Maledictions

   Spells                             Type                      Level
   a - Corona                         Hexes                        1
   b - Ensorcelled Hibernation        Hexes/Ice                    2
   c - Confuse                        Hexes                        3
   d - Tukima's Dance                 Hexes                        3
   e - Dazzling Spray                 Conjuration/Hexes            3
Comestibles
 d - a bread ration


   Skills:
 - Level 1.1 Short Blades
 - Level 3.0 Dodging
 - Level 4.4 Stealth
 + Level 3.1 Spellcasting
 - Level 3.6 Hexes


You had 5 spell levels left.
You knew the following spells:

 Your Spells              Type           Power        Failure   Level  Hunger
a - Corona                Hex            ##.....      4%          1    None


Dungeon Overview and Level Annotations

Branches:
Dungeon (3/15)

Altars:
Uskayaw


Innate Abilities, Weirdness & Mutations

You are very small and have problems with some larger weapons.
You are too small for most types of armour.
You have supernaturally acute eyesight. (SInv)
You are a herbivore.
You cover ground extremely quickly.
You need consume almost no food.


Message History

You start resting.
A frilled lizard comes into view.
The frilled lizard hisses angrily.
You climb upwards.
The ooze closely misses you. The ooze misses you.
The adder completely misses you.
There is a stone staircase leading down here.
The adder bites you.
* * * LOW HITPOINT WARNING * * *
Found 17 stones and a runed dagger.
Found a stone staircase leading up.
Found 2 yellow potions and a mace.
You see here a runed dagger.
h - a runed dagger A giant cockroach comes into view.
Found a hide-covered altar of Uskayaw.
A goblin comes into view. It is wielding a club.
You see here a mace.
The goblin shouts!
You closely miss the goblin. The goblin barely misses you.
You completely miss the goblin. The adder bites you.
You die...

#.........##.######.##
#..........#.<. #.#
##..###.##..##... ...
##.J..............#..
#.#####..#.. ###. ..
#s#...#.###.. #
#)#((.#.####.. .
##.#####....
#..S@g......
#...._......
#.#.........
#.######...# #. ...#
#. .. ## .


You could see 2 dancing weapons, an ooze, an adder, a giant cockroach and a
goblin.

Vanquished Creatures
  A giant cockroach (D:2)
  A goblin (D:1)
  A frilled lizard (D:1)
  A rat (D:1)
4 creatures vanquished.

Notes
Turn   | Place    | Note
-------+----------+-------------------------------------------
     0 | D:1      | Ijustatesigmund the Spriggan Enchanter began the quest for the Orb.
     0 | D:1      | Reached XP level 1. HP: 9/9 MP: 5/5
   123 | D:2      | Noticed an enchanted dagger
   125 | D:2      | Noticed a hand axe
   134 | D:2      | Found a hide-covered altar of Uskayaw.
   143 | D:2      | Slain by an adder

Vault maps used:
D:1:      minmay_arrival_four_circles
D:2:      marbit_many_paths, dancing_weapons_uskayaw, first_bread
D:3:      grunt_temple_overflow_gold_and_silver

Skill      XL: |  1 |
---------------+----+-----
Spellcasting   | 3 |  3.1
Short Blades   | |  1.1
Dodging        | |  3.0
Stealth        | |  4.4
Hexes          | |  3.6

Action                   || total
-------------------------++-------
Melee: Dagger            ||    16
 Cast: Corona            ||     1
Armor: Robe              ||     3
Dodge: Dodged            ||    28

Table legend:
 A = Spawn XP
 B = Non-spawn XP
 C = Spawn XP percentage of total XP
 D = Spawn monster count
 E = Non-spawn monster count
 F = Spawn count percentage of total count
 G = Total turns spent on level
                    A         B        C        D         E        F      G
               +---------+---------+-------+---------+---------+-------+---------
         Total |       0 |       6 |   0.0 |       0 |       4 |   0.0 |   143
               +---------+---------+-------+---------+---------+-------+---------
           D:1 |       0 |       4 |   0.0 |       0 |       3 |   0.0 |    24
           D:2 |       0 |       2 |   0.0 |       0 |       1 |   0.0 |    47
               +---------+---------+-------+---------+---------+-------+---------
